 Dungeon Crawl Stone Soup version 0.28.0 (webtiles) character file.

Game seed: 17575313359689971549

398966 SnakkuSnakku7 the Crack Shot (level 22, -3/152 HPs)
             Began as a Deep Elf Artificer on Feb 17, 2022.
             Was the Champion of Dithmenos.
             Slain by a vampire knight (8 damage)
             ... on level 2 of the Crypt.
             The game lasted 02:11:58 (55195 turns).

SnakkuSnakku7 the Crack Shot (Deep Elf Artificer)  Turns: 55195, Time: 02:11:58

Health: -3/152     AC: 25    Str: 21    XL:     22   Next: 24%
Magic:  0/45       EV: 25    Int: 16    God:    Dithmenos [******]
Gold:   4576       SH:  0    Dex: 18    Spells: 53/55 levels left

rFire   . . .      SeeInvis .   a - +6 longbow (freeze)
rCold   . . .      Faith    .   (shield currently unavailable)
rNeg    . . .      Spirit   +   r - +3 troll leather armour {Snorg}
rPois   +          Reflect  .   U - +2 helmet
rElec   +          Harm     .   G - +2 cloak {Will+}
rCorr   .          Rampage  +   e - +2 pair of gloves {Dex+3}
Will    +++..                   i - +2 pair of boots "Juurewk" {Rampage Slay+3}
Stlth   +++.......              m - amulet of guardian spirit
HPRegen 1.15/turn               q - ring of Conformity {rPois Str+4 Slay+4}
MPRegen 0.29/turn               w - ring of Weill {+Blink rElec AC+4 Int-4}

@: about to teleport, wreathed by umbra
A: no striking features
}: 2/15 runes: decaying, serpentine
a: Renounce Religion, Evoke Blink, Shadow Step, Shadow Form


You were on level 2 of the Crypt.
You worshipped Dithmenos.
Dithmenos was exalted by your worship.
You visited 9 branches of the dungeon, and saw 42 of its levels.
You visited 1 bazaar.
You also visited: Bailey, Ice Cave and Desolation.

You collected 8106 gold pieces.
You spent 3530 gold pieces at shops.

Inventory:

Hand Weapons
 a - a +6 longbow of freezing (weapon)
Missiles
 p - 2 throwing nets
 N - 9 curare-tipped darts
 O - 677 arrows (quivered ammo)
Armour
 e - a +2 pair of gloves of dexterity (worn)
 i - the +2 pair of boots "Juurewk" (worn) {Rampage Slay+3}
   (You found it on level 4 of the Vaults)

   Slay:      It affects your accuracy & damage with ranged weapons and melee
   (+3).
   Rampage:   It bestows one free step when moving towards enemies.
 r - a +3 troll leather armour (worn) {Snorg}
 G - a +2 cloak of willpower (worn)
 U - a +2 helmet (worn)
Jewellery
 c - the ring of Circularity {rCorr Str-2 Dex+4}
   (You found it in the Desolation of Salt)

   [ring of resist corrosion]

   Str:       It affects your strength (-2).
   Dex:       It affects your dexterity (+4).
   rCorr:     It protects you from acid and corrosion.
 j - a ring of willpower
 l - the ring "Gadewullao" {EV+4 Int+4 Dex+3}
   (You found it in the Desolation of Salt)

   [ring of evasion]

   EV:        It affects your evasion (+4).
   Int:       It affects your intelligence (+4).
   Dex:       It affects your dexterity (+3).
 m - an amulet of guardian spirit (around neck)
 q - the ring of Conformity (left hand) {rPois Str+4 Slay+4}
   (You bought it in a shop on level 2 of the Orcish Mines)

   [ring of slaying]

   Str:       It affects your strength (+4).
   Slay:      It affects your accuracy & damage with ranged weapons and melee
   (+4).
   rPois:     It protects you from poison.
 w - the ring of Weill (right hand) {+Blink rElec AC+4 Int-4}
   (You took it off a deep elf archer on level 3 of the Elven Halls)

   [ring of protection]

   AC:        It affects your AC (+4).
   Int:       It affects your intelligence (-4).
   rElec:     It insulates you from electricity.
   +Blink:    It lets you blink.
 B - the amulet "Ynukyboc" {rC++ Regen+}
   (You found it on level 6 of the Lair of Beasts)

   [amulet of regeneration]

   rC:        It greatly protects you from cold.
   Regen:     It increases your rate of health regeneration.
 H - a ring of protection from cold
 Q - a ring of protection from fire
 Z - the ring "Logu" {rN+ Will- Int+3 SInv Stlth+}
   (You took it off a naga on level 4 of the Snake Pit)

   [ring of positive energy]

   Int:       It affects your intelligence (+3).
   rN:        It protects you from negative energy.
   SInv:      It lets you see invisible.
   Will:      It decreases your willpower.
   Stlth:     It makes you more stealthy.
Wands
 d - a wand of charming (18)
 y - a wand of acid (21)
 C - a wand of polymorph (17)
 F - a wand of paralysis (6)
 I - a wand of digging (11)
 W - a wand of iceblast (14)
 X - a wand of mindburst (8)
Scrolls
 k - a scroll of summoning
 n - 19 scrolls of teleportation
 o - 3 scrolls of enchant armour
 t - a scroll of holy word
 z - 12 scrolls of fog
 J - 8 scrolls of fear
 L - 6 scrolls of blinking
 V - 6 scrolls of magic mapping
 Y - 2 scrolls of silence
Potions
 b - 2 potions of ambrosia
 f - 16 potions of curing
 g - 8 potions of brilliance
 h - a potion of attraction
 s - 9 potions of might
 v - 2 potions of magic
 x - 9 potions of heal wounds
 A - a potion of resistance
 D - 6 potions of flight
 E - 10 potions of mutation
 K - 7 potions of cancellation
 R - 3 potions of invisibility
 S - 5 potions of haste
Miscellaneous
 u - a condenser vane
 M - a phantom mirror


   Skills:
 - Level 20.0 Fighting
 - Level 12.0 Slings
 + Level 24.3 Bows
 - Level 6.0 Armour
 - Level 20.0 Dodging
 - Level 1.2 Stealth
 - Level 5.0 Shields
 - Level 17.2 Spellcasting
 - Level 10.0 Translocations
 - Level 10.0 Invocations
 - Level 15.0 Evocations


You had 53 spell levels left.
You knew the following spells:

 Your Spells              Type           Power      Damage    Failure   Level
a - Blink                 Tloc           90%        N/A       1%          2

Your spell library contained the following spells:

 Spells                   Type           Power      Damage    Failure   Level
 Apportation              Tloc           90%        N/A       1%          1
 Gell's Gravitas          Tloc           45%        N/A       1%          3
 Lesser Beckoning         Tloc           45%        N/A       1%          3
 Portal Projectile        Hex/Tloc       58%        N/A       1%          3
 Teleport Other           Tloc           45%        N/A       1%          3
 Manifold Assault         Tloc           45%        N/A       2%          5
 Animate Skeleton         Necr           26%        N/A       4%          1
 Freeze                   Ice            52%        1d7       4%          1
 Magic Dart               Conj           52%        1d5       4%          1
 Pain                     Necr           52%        1d6       4%          1
 Shock                    Conj/Air       52%        1d6       4%          1
 Summon Small Mammal      Summ           52%        N/A       4%          1
 Call Imp                 Summ           13%        N/A       8%          2
 Scorch                   Fire           26%        2d6       8%          2
 Searing Ray              Conj           26%        2d5       8%          2
 Static Discharge         Conj/Air       13%        N/A       8%          2
 Sublimation of Blood     Necr           13%        N/A       8%          2
 Call Canine Familiar     Summ           13%        N/A       16%         3
 Conjure Flame            Conj/Fire      13%        6-21      16%         3
 Frozen Ramparts          Ice            26%        1d4       16%         3
 Ignite Poison            Fire/Tmut/Pois 13%        N/A       16%         3
 Inner Flame              Hex/Fire       13%        N/A       16%         3
 Mephitic Cloud           Conj/Pois/Air  13%        N/A       16%         3
 Ozocubu's Armour         Ice            13%        N/A       16%         3
 Summon Guardian Golem    Hex/Summ       13%        N/A       16%         3
 Tukima's Dance           Hex            13%        N/A       16%         3
 Vampiric Draining        Necr           13%        2d6       16%         3
 Summon Forest            Summ/Tloc      14%        N/A       19%         5
 Airstrike                Air            6%         N/A       45%         4
 Anguish                  Hex/Necr       6%         N/A       45%         4
 Animate Dead             Necr           6%         N/A       45%         4
 Cause Fear               Hex            6%         N/A       45%         4
 Flame Wave               Conj/Fire      13%        2d6       45%         4
 Hailstorm                Conj/Ice       13%        3d5       45%         4
 Ice Form                 Ice/Tmut       13%        N/A       45%         4
 Petrify                  Tmut/Erth      13%        N/A       45%         4
 Sticky Flame             Conj/Fire      13%        2d4       45%         4
 Summon Ice Beast         Ice/Summ       13%        N/A       45%         4
 Summon Lightning Spire   Summ/Air       13%        N/A       45%         4
 Agony                    Necr           13%        N/A       80%         5
 Alistair's Intoxication  Tmut/Pois      8%         N/A       80%         5
 Blade Hands              Tmut           6%         N/A       80%         5
 Borgnjor's Vile Clutch   Necr/Erth      6%         N/A       80%         5
 Excruciating Wounds      Necr           6%         N/A       80%         5
 Fireball                 Conj/Fire      6%         3d5       80%         5
 Freezing Cloud           Conj/Ice/Air   6%         6-21      80%         5
 Irradiate                Conj/Tmut      6%         3d16      80%         5
 Lightning Bolt           Conj/Air       6%         1d18      80%         5
 Metabolic Englaciation   Hex/Ice        6%         N/A       80%         5
 Summon Mana Viper        Hex/Summ       13%        N/A       80%         5
 Malign Gateway           Summ/Tloc      14%        N/A       99%         7
 Death Channel            Necr           6%         N/A       100%        6
 Eringya's Noxious Bog    Tmut/Pois      6%         N/A       100%        6
 Simulacrum               Ice/Necr       6%         N/A       100%        6
 Summon Cactus Giant      Summ           6%         N/A       100%        6
 Enfeeble                 Hex            6%         N/A       100%        7
 Monstrous Menagerie      Summ           6%         N/A       100%        7
 Storm Form               Tmut/Air       6%         N/A       100%        7
 Summon Hydra             Summ           6%         N/A       100%        7
 Discord                  Hex            6%         N/A       100%        8
 Maxwell's Capacitive Co  Air            6%         ∞         100%        8
 Dragon's Call            Summ           6%         N/A       100%        9
 Polar Vortex             Ice            6%         N/A       100%        9


Dungeon Overview and Level Annotations

Branches:
Dungeon (15/15)            Temple (1/1) D:6            Lair (6/6) D:11
  Swamp (4/4) Lair:4        Snake (4/4) Lair:2        Slime (0/5) Lair:6
    Orc (2/2) D:12            Elf (3/3) Orc:2        Vaults (4/5) D:13
  Crypt (2/3) Vaults:2     Depths (0/4) D:15         Bailey (visited)
  IceCv (visited)         Desolation (visited)

Altars:
Ashenzari
Cheibriados
Dithmenos
Elyvilon
Fedhas
Gozag
Hepliaklqana
Kikubaaqudgha
Nemelex Xobeh
Okawaru
Qazlal
Ru
Trog
Vehumet
Wu Jian
Xom
Yredelemnul
The Shining One
Beogh

Shops:
D:4 *   D:7 !   Orc:2 *!=[   Elf:1 !   Elf:3 =::(   Snake:1 ![   Snake:2 [

Portals:
Pandemonium: Orc:2
Trove: Vaults:3 (give 2 scrolls of acquirement)

Annotations:
Lair:6 exclusion: oklob plant
Elf:1 Roxanne
Elf:2 3 runed translucent doors
Vaults:2 Mara
Vaults:4 Jory


Message History

Something draws strength from your injuries!
The vampire knight hits you with a +0 bardiche!!
The vampire knight completely misses you.
Something hits you! Something bites you.
Something draws strength from your injuries!
The vampire knight closely misses you.
You hear some strange, mumbled words.
You hear some strange, mumbled words.
Something tries to affect you, but you resist.
You shoot an arrow. Something misses you. Something bites you.
Something draws strength from your injuries!
You shoot an arrow.
Your shadow shoots an arrow.
Something hits you. Something bites you but does no damage.
You shoot an arrow. The arrow hits the vampire knight!
The vampire knight is lightly damaged.
Something draws life force from you!!
The vampire knight casts a spell at you.
The vampire knight blinks!
You are too injured to fight recklessly!
You are too injured to fight recklessly!
Unknown command.
You are too injured to fight recklessly!
Fire: 678 arrows
Press: ? - help, Q - select action, (/) - cycle Shift-Dir - straight line, f/p - vampire knight
Aim: a vampire knight, wielding a +0 bardiche and wearing a +0 plate armour (lightly damaged, umbra, 86% to hit)
Okay, then.
Fire: 678 arrows
Press: ? - help, Q - select action, (/) - cycle Shift-Dir - straight line, f - dire elephant skeleton, p - vampire knight
Aim: a dire elephant skeleton (translocational energy, almost destroyed, umbra, 98% to hit)
You shoot an arrow.
Your shadow shoots an arrow.
Something draws life force from you!!
* * * LOW HITPOINT WARNING * * *
As you read the scroll of teleportation, it crumbles to dust.
You feel strangely unstable. Something hits you!!
* * * LOW HITPOINT WARNING * * *
You emit a cloud of dark smoke.
Something completely misses you. Something hits you!
* * * LOW HITPOINT WARNING * * *
Something bites you!
You die...

##....#### #.##.###..# #####.#
#.##.###..# #
##.#######.##(#.#..# # #
#.............(.#V.###.#:# #
##?#######.##Z#(#..Z.(Z(!. #.#
#.##.#Z#((Z(.Z.z. ####.#
#.##Z#(#..# #....# #.##{#.#..#
#....# #.##@#(#..# #...>#
#.##§#(#..# ####.# #
..##V#....# #.#
#...##§##.#V######## #.#
...##.##.#.........
#####.#######.##.##.##.#######
.........§.§§.................
#####.###§§§####.##.##.###...#
........§[.§..................


You could see a vampire knight and a dire elephant skeleton.

Vanquished Creatures
  An ancient lich (Crypt:1)
  Frederick (Vaults:2)
  Nikola (Swamp:3)
  A shard shrike skeleton (Crypt:2)
  An Ice Fiend (IceCv)
  Mlioglotl (Swamp:3)
  2 deep elf master archers (Elf:3)
  2 deep elf blademasters (Elf:3)
  3 ancient champions
  2 sphinxes
  A thorn hunter (Swamp:4)
  Kirke (D:14)
  A revenant (Crypt:2)
  Donald (Vaults:2)
  A fire giant (Vaults:3)
  4 fenstrider witches (Swamp:4)
  2 orc warlords
  5 deep elf sorcerers
  6 nagarajas (Snake:4)
  An imperial myrmidon (Desolation)
  6 vault wardens
  Aizul (Vaults:2)
  A curse skull (Crypt:2)
  2 deep elf elementalists (Elf:3)
  A ghoul (Swamp:4)
  The ghost of DrStoges the Gelid, a journeyman BaIE of Gozag (Snake:1)
  11 ironbound preservers
  14 very ugly things
  A war gargoyle (Vaults:2)
  3 stone giants
  8 ironbound thunderhulks
  4 vampire knights
  2 entropy weavers
  6 deep elf demonologists (Elf:3)
  6 deep elf annihilators
  Azrael (D:14)
  A bunyip (Swamp:4)
  An eleionoma (Swamp:2)
  3 halazid warlocks (Desolation)
  21 dire elephants
  A green death (Swamp:4)
  6 deep elf death magi (Elf:3)
  An elf zombie (Crypt:1)
  2 deep elf high priests (Elf:3)
  2 ettins
  3 crystal guardians (Vaults:2)
  2 yaktaur captains
  Snorg (Lair:5)
  A blizzard demon (Swamp:4)
  6 jiangshi
  2 great orbs of eyes (Vaults:4)
  6 ragged hierophants (Desolation)
  A shambling mangrove (Swamp:4)
  A caustic shrike simulacrum (IceCv)
  7 vault guards
  12 peacekeepers
  2 ghost crabs
  15 hydras
  13 naga warriors
  An ice dragon (D:14)
  3 servants of whispers (Desolation)
  5 salamander tyrants
  6 anacondas
  4 ogre magi
  5 boulder beetles
  11 two-headed ogres
  14 ironbound frosthearts
  7 centaur warriors
  2 demonspawn (Orc:2)
  6 alligators
  14 dancing weapons
  8 death yaks
  A vampire mage (Crypt:1)
  Sonja (D:10)
  7 orc high priests
  11 deep elf knights
  8 naga sharpshooters
  3 soul eaters
  9 shock serpents
  13 skeletal warriors
  4 shadow wraiths (Crypt:1)
  A death drake (Swamp:2)
  7 salamander mystics
  6 goliath frogs
  A spectral anaconda (Lair:6)
  A flayed ghost (Crypt:2)
  A glowing orange brain (Vaults:2)
  A bunyip zombie (Crypt:1)
  A tengu zombie (Vaults:1)
  7 naga ritualists
  4 spectral hydras (Swamp:2)
  13 wizards
  7 spriggan druids
  4 swamp dragons
  32 deep trolls
  2 lindwurms (Vaults:3)
  2 obsidian statues
  13 spriggan simulacra
  10 bog bodies
  16 deep elf archers
  12 ironbound convokers
  5 harpies (Vaults:1)
  32 deep elf zephyrmancers
  43 deep elf pyromancers
  8 phantasmal warriors
  6 mana vipers
  4 orc knights (Orc:2)
  19 salamanders
  7 goliath frog zombies (Swamp:2)
  8 cyclopes
  39 ugly things
  8 necromancers
  11 orc sorcerers
  3 will-o-the-wisps
  A tengu skeleton (Vaults:2)
  A stone giant zombie (Crypt:1)
  3 manticores
  Joseph (D:8)
  A dire elephant zombie (Lair:6)
  11 elephants
  2 ice statues (Swamp:1)
  8 guardian serpents
  A salamander (shapeshifter) (Vaults:4)
  20 naga magi
  33 black mambas
  Maurice (D:8)
  4 gargoyles
  13 vault sentinels
  3 molten gargoyles (Desolation)
  6 orange demons
  An unseen horror (D:10)
  11 cane toads
  A torpor snail (Lair:1)
  2 swamp worm zombies (Swamp:2)
  A cane toad (shapeshifter) (Elf:3)
  6 freezing wraiths
  A human zombie (Vaults:1)
  7 yaktaurs
  A grey draconian zombie (Crypt:2)
  7 komodo dragons
  4 kobold demonologists
  7 ice devils
  2 efreet (D:15)
  3 tengu conjurers
  4 rime drakes
  An anaconda simulacrum (IceCv)
  3 red devils (D:12)
  8 entropy weaver simulacra (IceCv)
  A hydra zombie (Crypt:1)
  A yaktaur skeleton (Vaults:2)
  2 bloated husks (Swamp:2)
  A meliai (shapeshifter) (D:14)
  4 hornets
  The ghost of BeingJoeMalik the Cudgeller, an amateur DrFi (D:6)
  4 polar bears
  A tengu simulacrum (Vaults:1)
  53 saltlings (Desolation)
  2 spectral swamp dragons (Swamp:2)
  A wind drake (shapeshifter) (Elf:3)
  9 tyrant leeches
  3 trolls
  18 slime creatures
  Prince Ribbit (Bailey)
  A guardian serpent zombie (Crypt:1)
  4 alligator zombies (Swamp:2)
  4 harpy skeletons
  2 meliai zombies
  14 blink frogs
  An ettin zombie (Vaults:2)
  A centaur simulacrum (D:15)
  Sigmund (D:3)
  A stone giant simulacrum (Crypt:1)
  4 flying skulls (Crypt:2)
  A culicivora (Vaults:4)
  4 wyverns
  A vampire (D:9)
  2 air elementals
  A tyrant leech zombie (Swamp:2)
  3 shadows (D:11)
  6 spriggans
  4 dire elephant simulacra
  13 humans
  4 water elementals
  43 yaks
  5 wraiths
  10 fire elementals
  3 basilisks
  2 chaos spawn
  4 hogs (D:14)
  2 redbacks
  17 vampire mosquitoes
  2 neqoxecs (Swamp:4)
  Menkaure (D:6)
  8 minotaur simulacra (IceCv)
  51 nagas
  2 spectral cane toads (Lair:6)
  5 wargs
  An acid dragon (D:11)
  2 harpy simulacra (IceCv)
  Duvessa (D:5)
  25 swamp worms
  9 water moccasins
  4 hell hounds
  An ogre skeleton (Vaults:2)
  32 orc warriors
  2 swamp drakes
  A black bear (Lair:2)
  An elephant zombie (Lair:6)
  A sky beast (D:7)
  2 hornet zombies
  3 necrophages
  7 ogres
  An alligator simulacrum (IceCv)
  An ettin simulacrum (IceCv)
  9 wolves
  6 boggarts
  5 centaurs
  An elephant skeleton (Lair:6)
  2 phantoms
  An elf simulacrum (Vaults:2)
  3 kobold brigands
  2 earth elementals (Elf:2)
  23 bullfrogs
  A cyclops zombie (Crypt:1)
  4 deep troll simulacra (IceCv)
  An ogre simulacrum (Vaults:1)
  A komodo dragon skeleton (Crypt:1)
  2 scorpions
  2 spriggan zombies (Swamp:2)
  An elephant simulacrum (Lair:6)
  A lindwurm simulacrum (IceCv)
  Dowan (D:5)
  5 killer bees
  A troll zombie (Swamp:2)
  2 spriggan skeletons (Crypt:2)
  6 howler monkeys
  10 electric eels
  5 centaur zombies
  29 orc priests
  2 jellies (Lair:6)
  A gnoll shaman (D:9)
  8 hounds
  3 bullfrog skeletons
  2 iguanas
  16 orc wizards
  7 hell rats (Lair:6)
  A naga skeleton (Crypt:1)
  2 howler monkey zombies (D:6)
  10 gnolls
  7 adders
  A howler monkey skeleton (D:5)
  A white imp (D:6)
  An ufetubus (D:5)
  An adder zombie (Crypt:1)
  An adder skeleton (Crypt:1)
  A worm (D:2)
  A dart slug (D:4)
  63 orcs
  2 endoplasms (D:1)
  4 giant cockroaches
  4 goblins
  3 hobgoblins
  6 jackals
  8 quokkas
  3 ball pythons
  8 bats
  3 frilled lizards
  11 kobolds
  5 rats
  A river rat zombie (Crypt:1)
1606 creatures vanquished.

Vanquished Creatures (collateral kills)
  Mennas (Vaults:4)
  A centaur zombie (D:11)
  A black mamba (Lair:2)
  A human (Bailey)
  An orc warrior (Bailey)
  3 killer bees (D:10)
  An orc (Bailey)
  A goblin (D:1)
10 creatures vanquished.

Vanquished Creatures (others)
  A hydra (D:11)
  A saltling (Desolation)
  A human (D:14)
  A steam dragon (Lair:1)
  2 killer bees (D:10)
  A goblin (D:1)
  4 foxfires (Swamp:4)
  16 fungi
  21 plants
  19 withered plants
67 creatures vanquished.

Grand Total: 1683 creatures vanquished

Notes
Turn   | Place    | Note
-------+----------+-------------------------------------------
     0 | D:1      | SnakkuSnakku7 the Deep Elf Artificer began the quest for
                  | the Orb.
     0 | D:1      | Reached XP level 1. HP: 11/11 MP: 3/3
    81 | D:1      | Reached XP level 2. HP: 16/16 MP: 4/4
   797 | D:2      | Reached skill level 1 in Slings
   829 | D:2      | Reached XP level 3. HP: 20/20 MP: 5/5
   832 | D:2      | Found a faded altar of an unknown god.
  2397 | D:3      | Reached XP level 4. HP: 24/24 MP: 6/6
  2620 | D:3      | Noticed Sigmund
  2625 | D:3      | HP: 1/24 [Sigmund (3)]
  3655 | D:3      | Found a glowing golden altar of the Shining One.
  4091 | D:3      | Reached XP level 5. HP: 14/28 MP: 7/7
  4643 | D:4      | Reached XP level 6. HP: 33/33 MP: 8/8
  4649 | D:4      | Found Kolload's Overcharged Wands.
  4951 | D:3      | Killed Sigmund
  4952 | D:3      | Reached skill level 5 in Slings
  5116 | D:5      | Entered Level 5 of the Dungeon
  5173 | D:5      | Reached XP level 7. HP: 20/37 MP: 9/9
  5591 | D:5      | Noticed Duvessa
  5591 | D:5      | Noticed Dowan
  6473 | D:5      | Killed Dowan
  6859 | D:6      | Noticed a skeletal warrior
  6861 | D:6      | Reached XP level 8. HP: 30/42 MP: 10/10
  6862 | D:6      | Noticed a skeletal warrior
  7073 | D:6      | Noticed a skeletal warrior
  7082 | D:6      | Identified a scroll of acquirement
  7086 | D:6      | Noticed a skeletal warrior
  7206 | D:6      | Found a staircase to the Ecumenical Temple.
  7212 | Temple   | Entered the Ecumenical Temple
  7242 | Temple   | Became a worshipper of Dithmenos the Shadowed
  7267 | D:6      | Found a white marble altar of Elyvilon.
  7373 | D:6      | Noticed BeingJoeMalik's ghost (amateur DrFi)
  7682 | D:7      | Found Idue's Distillery.
  7694 | D:7      | Bought a potion of heal wounds for 60 gold pieces
  7694 | D:7      | Bought a potion of curing for 36 gold pieces
  7694 | D:7      | Bought 2 potions of degeneration for 24 gold pieces
  7952 | D:7      | Found a flagged portal.
  8075 | Bailey   | Entered a bailey
  8178 | Bailey   | Reached XP level 9. HP: 40/46 MP: 11/11
  8311 | Bailey   | Reached skill level 10 in Slings
  8631 | Bailey   | Noticed a vault guard
  8646 | Bailey   | Killed a vault guard
  8788 | Bailey   | Noticed Prince Ribbit
  8788 | Bailey   | Noticed a vault guard
  8805 | Bailey   | Killed Prince Ribbit
  8835 | Bailey   | Killed a vault guard
  8835 | Bailey   | Reached * piety under Dithmenos
  8836 | Bailey   | Reached XP level 10. HP: 27/51 MP: 12/12
  9624 | D:8      | Noticed Joseph
  9912 | D:8      | Reached skill level 1 in Fighting
 10223 | D:8      | Found an ancient bone altar of Kikubaaqudgha.
 10224 | D:8      | Found a stormy altar of Qazlal.
 10224 | D:8      | Found a radiant altar of Vehumet.
 10228 | D:8      | Noticed Maurice
 10246 | D:8      | Killed Maurice
 10255 | D:8      | Found a sacrificial altar of Ru.
 11199 | D:9      | Noticed a two-headed ogre
 11233 | D:9      | Killed a two-headed ogre
 11525 | D:9      | Found a runed translucent door.
 11526 | D:9      | Noticed a red ugly thing
 11526 | D:9      | Noticed a cyclops
 11527 | D:9      | Noticed a boulder beetle
 11573 | D:9      | Reached skill level 5 in Fighting
 11573 | D:9      | Acquired a manual of Dodging
 11575 | D:9      | Acquired a manual of Evocations
 12074 | D:9      | Identified the +6 mace of Neurosis {venom, rElec Str-3
                  | Dex+3}
 12245 | D:10     | Entered Level 10 of the Dungeon
 12607 | D:10     | Noticed Sonja
 13138 | D:10     | Killed Sonja
 13305 | D:10     | Reached XP level 11. HP: 28/67 MP: 6/13
 13642 | D:10     | Reached skill level 5 in Dodging
 14437 | D:8      | Killed Joseph
 15178 | D:11     | Reached skill level 10 in Dodging
 15299 | D:11     | Found a staircase to the Lair.
 15351 | D:11     | Noticed a two-headed ogre
 15361 | D:11     | Killed a two-headed ogre
 15387 | D:11     | Noticed a seven-headed hydra
 15546 | D:11     | Killed a seven-headed hydra
 15590 | D:11     | Noticed a two-headed ogre
 15612 | D:11     | Killed a two-headed ogre
 15683 | Lair:1   | Entered Level 1 of the Lair of Beasts
 15683 | Lair:1   | Noticed a six-headed hydra
 15696 | Lair:1   | Killed a six-headed hydra
 15757 | Lair:1   | Reached skill level 5 in Shields
 15788 | Lair:1   | Reached skill level 5 in Evocations
 15832 | Lair:1   | Acquired a +5 hunting sling of flaming
 15926 | Lair:1   | Reached ** piety under Dithmenos
 15997 | Lair:1   | Reached XP level 12. HP: 62/72 MP: 11/14
 16159 | Lair:1   | Reached skill level 10 in Evocations
 16773 | Lair:1   | Noticed a dire elephant
 16979 | Lair:2   | Reached *** piety under Dithmenos
 16992 | Lair:2   | Reached skill level 15 in Dodging
 17170 | Lair:2   | Found a bloodstained altar of Trog.
 17390 | Lair:2   | Found a staircase to the Snake Pit.
 19065 | Lair:4   | Noticed a six-headed hydra
 19075 | Lair:4   | Killed a six-headed hydra
 19076 | Lair:4   | Reached XP level 13. HP: 80/80 MP: 15/15
 19518 | Lair:4   | Reached skill level 10 in Fighting
 19728 | Lair:5   | Reached **** piety under Dithmenos
 20069 | Lair:5   | Noticed Snorg
 20080 | Lair:5   | Killed Snorg
 20556 | Lair:6   | Entered Level 6 of the Lair of Beasts
 20592 | Lair:6   | Found a staircase to the Slime Pits.
 21043 | Lair:6   | Reached skill level 1 in Armour
 21044 | Lair:6   | Reached ***** piety under Dithmenos
 21969 | Lair:1   | Killed a dire elephant
 22133 | Lair:1   | Noticed a dire elephant
 22427 | D:11     | Reached skill level 5 in Armour
 22566 | D:11     | Reached XP level 14. HP: 73/92 MP: 10/16
 23434 | D:6      | Reached skill level 1 in Bows
 23593 | D:6      | Noticed Menkaure
 23599 | D:6      | Killed Menkaure
 23656 | D:6      | Found a transporter.
 23661 | D:6      | Found a transporter.
 23674 | D:6      | Reached skill level 2 in Bows
 23813 | D:6      | Killed BeingJoeMalik's ghost
 23965 | D:5      | Killed Duvessa
 24247 | D:5      | Reached skill level 3 in Bows
 24363 | D:5      | Reached skill level 4 in Bows
 24473 | D:6      | Reached skill level 5 in Bows
 24657 | D:9      | Reached skill level 6 in Bows
 25105 | D:12     | Reached skill level 7 in Bows
 25235 | D:12     | Reached skill level 8 in Bows
 25429 | D:12     | Found a staircase to the Orcish Mines.
 25917 | Orc:1    | Entered Level 1 of the Orcish Mines
 25917 | Orc:1    | Found a radiant altar of Vehumet.
 26025 | Orc:1    | Reached skill level 9 in Bows
 26483 | Orc:2    | Entered Level 2 of the Orcish Mines
 26492 | Orc:2    | Noticed an orc warlord
 26540 | Orc:2    | Found a staircase to the Elven Halls.
 26682 | Orc:1    | Reached skill level 10 in Bows
 26846 | Orc:2    | Killed an orc warlord
 27039 | Orc:2    | Reached skill level 11 in Bows
 27063 | Orc:2    | Reached ****** piety under Dithmenos
 27674 | Orc:2    | Found Joepn's General Store.
 27680 | Orc:2    | Found Cunit's Distillery.
 27734 | Orc:2    | Reached skill level 12 in Bows
 27801 | Orc:2    | Bought a potion of cancellation for 88 gold pieces
 27801 | Orc:2    | Bought a potion of curing for 33 gold pieces
 28155 | Orc:2    | Reached skill level 13 in Bows
 28439 | Orc:2    | Reached skill level 14 in Bows
 28439 | Orc:2    | Reached XP level 15. HP: 49/96 MP: 8/17
 28612 | Orc:2    | Found Vulenuuw's Antique Armour Emporium.
 28612 | Orc:2    | Found a one-way gate leading to the halls of Pandemonium.
 28612 | Orc:2    | Found Essuhom's Jewellery Shoppe.
 28626 | Orc:2    | Bought the ring of Conformity {rPois Str+4 Slay+4} for 1561
                  | gold pieces
 28945 | D:13     | Found a gate to the Vaults.
 28988 | D:13     | Reached skill level 15 in Bows
 29170 | D:13     | Found a radiant altar of Vehumet.
 29984 | D:14     | Noticed Kirke
 30053 | D:14     | Reached skill level 16 in Bows
 30105 | D:14     | Killed Kirke
 30478 | D:14     | Found a blossoming altar of Fedhas.
 30605 | D:14     | Noticed Azrael
 30662 | D:13     | Reached skill level 17 in Bows
 30719 | D:14     | Killed Azrael
 31066 | D:15     | Entered Level 15 of the Dungeon
 31392 | D:15     | Found a staircase to the Depths.
 31515 | D:15     | Reached skill level 18 in Bows
 31808 | D:15     | Found a shadowy altar of Dithmenos.
 32158 | Lair:1   | Reached skill level 19 in Bows
 32912 | Lair:6   | Identified the amulet "Ynukyboc" {rC++ Regen+}
 32949 | Lair:6   | Reached XP level 16. HP: 101/101 MP: 18/18
 32983 | Lair:6   | Reached skill level 20 in Bows
 32983 | Lair:6   | Reached skill level 1 in Invocations
 33229 | Snake:1  | Entered Level 1 of the Snake Pit
 33457 | Snake:1  | Found Jomuteesh's Distillery.
 33459 | Snake:1  | Found Iconnag's Armour Boutique.
 33477 | Snake:1  | Bought a potion of cancellation for 112 gold pieces
 33477 | Snake:1  | Bought a potion of haste for 140 gold pieces
 33517 | Snake:1  | Reached skill level 5 in Invocations
 33786 | Snake:1  | Found a runed translucent door.
 33787 | Snake:1  | Found a shimmering altar of Xom.
 33787 | Snake:1  | Noticed DrStoges's ghost (journeyman BaIE)
 34001 | Snake:1  | Identified the +0 cloak "Soufes" {rC+ rN+ Will+ Int+3}
 34783 | Snake:1  | Killed DrStoges's ghost
 34832 | Snake:1  | Got Sebu's Arcane Secrets of Hermeneutics
 34999 | Snake:2  | Found Deac's Armour Shop.
 35229 | Snake:2  | Reached skill level 10 in Invocations
 36086 | Snake:3  | Reached skill level 15 in Evocations
 36869 | Snake:4  | Entered Level 4 of the Snake Pit
 36902 | Snake:4  | Reached XP level 17. HP: 106/106 MP: 26/26
 37163 | Snake:4  | Identified the ring "Logu" {rN+ Will- Int+3 SInv Stlth+}
 37814 | Snake:4  | Got a serpentine rune of Zot
 38115 | Lair:4   | Found a staircase to the Swamp.
 38144 | Swamp:1  | Entered Level 1 of the Swamp
 38287 | Swamp:1  | Found a frozen archway.
 38321 | IceCv    | Entered an ice cave
 38436 | IceCv    | Identified the +8 falchion "Foodan" {drain, Fly rPois Str+5
                  | Dex-4}
 38826 | IceCv    | Noticed an Ice Fiend
 38905 | IceCv    | Killed an Ice Fiend
 39587 | Swamp:1  | Reached XP level 18. HP: 64/113 MP: 27/27
 41277 | Swamp:3  | Noticed Nikola
 41287 | Swamp:3  | Killed Nikola
 41307 | Swamp:3  | Noticed Mlioglotl
 41316 | Swamp:3  | Killed Mlioglotl
 41570 | Swamp:4  | Entered Level 4 of the Swamp
 41974 | Swamp:4  | Reached skill level 15 in Fighting
 42261 | Swamp:4  | Got a decaying rune of Zot
 42717 | Orc:2    | Bought a pair of runed gloves for 202 gold pieces
 42717 | Orc:2    | Bought a pair of glowing gloves for 202 gold pieces
 42797 | Elf:1    | Entered Level 1 of the Elven Halls
 43042 | Elf:1    | Identified Roxanne's Tome of Earth
 43042 | Elf:1    | Noticed Roxanne
 43219 | Elf:1    | Found Zenukylowe's Distillery.
 43222 | Elf:1    | Bought a potion of heal wounds for 95 gold pieces
 43222 | Elf:1    | Bought a potion of haste for 190 gold pieces
 43222 | Elf:1    | Bought a potion of haste for 190 gold pieces
 43222 | Elf:1    | Bought a potion of heal wounds for 95 gold pieces
 43222 | Elf:1    | Bought a potion of haste for 190 gold pieces
 43298 | Elf:1    | Reached XP level 19. HP: 126/126 MP: 28/28
 43569 | Elf:1    | Got the Grimoire of Attacks and Calling
 43829 | Elf:2    | Found a runed translucent gate.
 43829 | Elf:2    | Found a runed translucent gate.
 43829 | Elf:2    | Found a runed translucent gate.
 44783 | Elf:3    | Entered Level 3 of the Elven Halls
 44818 | Elf:3    | Found Qewkyaf's Weapon Shop.
 44915 | Elf:3    | Found Xefaw's Jewellery Shop.
 44915 | Elf:3    | Found Hikeruak's Book Emporium.
 44916 | Elf:3    | Found Hoxesoun's Book Emporium.
 45073 | Elf:3    | Acquired 689 gold pieces
 45492 | Elf:3    | Identified the ring of Weill {+Blink rElec AC+4 Int-4}
 45545 | Elf:3    | Identified the +7 long sword "Votobyox" {chaos, rC++ Will-
                  | Int+4}
 45555 | Elf:3    | Identified the ring of Spite {Fire Str+5}
 45557 | Elf:3    | Identified the +2 hand axe of Lujouherph {antimagic, rN+
                  | rCorr Int+3}
 45848 | Elf:3    | Identified the +2 pair of gloves "Isualoann" {Str+2}
 45855 | Elf:3    | Identified the +5 dagger of the Lesser Evil {vamp, rPois
                  | rC- rCorr Dex+4}
 46237 | Vaults:1 | Entered Level 1 of the Vaults
 46393 | Vaults:1 | Reached XP level 20. HP: 139/139 MP: 29/29
 47320 | Vaults:2 | Noticed Aizul
 47809 | Vaults:2 | Killed Aizul
 47814 | Vaults:2 | Noticed Frederick
 47837 | Vaults:2 | Noticed Mara
 47941 | Vaults:2 | Killed Frederick
 48015 | Vaults:2 | Noticed SnakkuSnakku7's illusion
 48174 | Vaults:2 | Noticed SnakkuSnakku7's illusion
 48658 | Vaults:2 | Noticed Donald
 48663 | Vaults:2 | Killed Donald
 48664 | Vaults:2 | Reached skill level 21 in Bows
 48878 | Vaults:2 | Noticed SnakkuSnakku7's illusion
 49154 | Vaults:2 | Found a staircase to the Crypt.
 49154 | Vaults:2 | Found a basalt altar of Yredelemnul.
 49154 | Vaults:2 | Found an ancient bone altar of Kikubaaqudgha.
 49381 | Vaults:3 | Acquired 1303 gold pieces
 49383 | Vaults:3 | Acquired 809 gold pieces
 49385 | Vaults:3 | Acquired a manual of Spellcasting
 49442 | Vaults:3 | Found a portal to a secret trove of treasure.
 49511 | Vaults:3 | Found a crumbling gateway.
 49518 | Desolati | Entered the Desolation of Salt
 49609 | Desolati | Reached skill level 22 in Bows
 50040 | Desolati | Got the Incunabulum of Ignition
 50046 | Desolati | Identified the ring "Saraono" {rN+ EV+4}
 50050 | Desolati | Identified the ring "Gadewullao" {EV+4 Int+4 Dex+3}
 50184 | Desolati | Reached skill level 23 in Bows
 50492 | Desolati | Identified the +6 scale mail "Rustuol" {Str+4}
 50494 | Desolati | Identified the ring of Circularity {rCorr Str-2 Dex+4}
 50637 | Desolati | Reached XP level 21. HP: 133/142 MP: 30/30
 50682 | Desolati | Identified the amulet "Bunac" {rN++ Regen+}
 50987 | Vaults:3 | Reached skill level 24 in Bows
 51147 | Vaults:3 | Learned a level 2 spell: Blink
 51204 | Vaults:3 | Reached skill level 1 in Translocations
 51246 | Vaults:3 | Reached skill level 1 in Spellcasting
 51339 | Vaults:3 | Reached skill level 5 in Spellcasting
 51766 | Vaults:4 | Reached skill level 10 in Spellcasting
 51864 | Vaults:4 | Identified the +2 pair of boots "Juurewk" {Rampage Slay+3}
 52312 | Vaults:4 | Reached skill level 15 in Spellcasting
 52501 | Vaults:4 | Found a gateway to a bazaar.
 52635 | Vaults:4 | Noticed Jory
 53269 | Vaults:4 | Noticed Mennas
 53289 | Vaults:4 | Killed Mennas
 53433 | Bazaar   | Entered a bazaar
 53437 | Bazaar   | Found Pyemmay's Jewellery Boutique.
 53455 | Bazaar   | Found Irghitisy's Antique Weapon Shoppe.
 53473 | Bazaar   | Found Jegg's Antique Armour Boutique.
 53490 | Bazaar   | Found Icagul's Magic Scroll Emporium.
 53495 | Bazaar   | Bought a scroll of enchant weapon for 90 gold pieces
 53495 | Bazaar   | Bought a scroll of fog for 24 gold pieces
 53495 | Bazaar   | Bought a scroll of teleportation for 36 gold pieces
 53495 | Bazaar   | Bought a scroll of teleportation for 36 gold pieces
 53495 | Bazaar   | Bought a scroll of silence for 90 gold pieces
 53495 | Bazaar   | Bought a scroll of teleportation for 36 gold pieces
 53567 | Vaults:5 | Entered Level 5 of the Vaults
 53675 | Crypt:1  | Entered Level 1 of the Crypt
 53688 | Crypt:1  | Reached skill level 5 in Translocations
 53906 | Crypt:1  | Reached XP level 22. HP: 70/152 MP: 45/45
 54271 | Crypt:1  | Found a runed translucent door.
 54277 | Crypt:1  | Noticed an ancient lich
 54622 | Crypt:1  | Identified the +9 scale mail "Ynwiebaa" {-Tele rElec rN+
                  | Int+3}
 54816 | Crypt:1  | Killed an ancient lich
 55170 | Crypt:2  | Reached skill level 10 in Translocations
 55195 | Crypt:2  | HP: 5/152 [something (13)]
 55195 | Crypt:2  | Slain by a vampire knight

Illustrated notes

Levels and vault maps discovered:
D:1:      elethiomel_arrival_infinity_welcomes_careful_drivers, layout_rooms,
          minivault_14, minmay_misc_feat_iff, minmay_misc_feat_x
D:2:      layout_basic, hellmonk_ecumenical_altar_blasted
D:3:      layout_basic, lemuel_round_altar, chequers_avenue, uniq_sigmund
D:4:      layout_cave_pools, nicolae_shop_overcharged_wands
D:5:      layout_loops_ring, kennysheep_generic_room_12, uniq_duvessa
D:6:      layout_rooms, mainiacjoe_overflow_concentric_impassable,
          minmay_temple_entry_mist, gammafunk_ghost_arena, uniq_menkaure
D:7:      layout_loops_ring, serial_shops, shop, enter_bailey_2,
          corexii_leaking_fountain, kennysheep_generic_room_15
D:8:      layout_basic, nicolae_overflow_quartered_altars, uniq_maurice,
          uniq_joseph
D:9:      layout_cave_pools, wad_hexagon
D:10:     layout_layer_cave, uniq_sonja
D:11:     layout_stronghold, erik_lair_island, minmay_shattered_shrine
D:12:     layout_loops_ring, erik_orc_1, minmay_beelzebubs_servants
D:13:     layout_irregular_city, ximxim_vaults_locker_room,
          vehumet_altar_wand_db
D:14:     layout_irregular_city, fedhas_altar_3, uniq_azrael, uniq_kirke
D:15:     grunt_enter_depths_giant_problem, layout_basic,
          nicolae_dithmenos_through_a_glass_darkly
Temple:   eino_temple_scatter_basement
Lair:1:   layout_big_grid, st_stairs_9, nicolae_lair_lakeside_cave,
          serial_bayou_shore_a, infiniplex_staircase_pool_2
Lair:2:   layout_long_grid, minmay_snake_entry_guardpost_medium, basic_altar,
          grunt_megastairs_5
Lair:3:   layout_concentric_octagons, uniq_prince_ribbit2
Lair:4:   layout_hall_layers, nicolae_swamp_entry_splash_gauntlet,
          grunt_megastairs_4, lemuel_fruit_fields
Lair:5:   layout_regular_city, grunt_megastairs_1, uniq_snorg
Lair:6:   due_jungle_book, layout_regular_city, minmay_slime_entry_pillars,
          infiniplex_staircase_pool
Swamp:1:  layout_basic_swamp, portal_ice_cave_entry_ice_statue_two,
          nicolae_swamp_fairy_circle, hangedman_swamp_wriggling
Swamp:2:  cheibrodos_swamp_mausoleum, layout_basic_swamp,
          evilmike_swamp_ruin_rubble_1
Swamp:3:  layout_basic_swamp, nicolae_swamp_treefoil, uniq_mlioglotl,
          uniq_nikola
Swamp:4:  nzn_swamp_witches_coven, layout_basic_swamp
Snake:1:  layout_layer_cave, ebering_ghost_xom, fake_guardian_serpent_vault,
          minmay_shoptagon, lemuel_fruit_tree
Snake:2:  layout_cave_pods, serial_shops, shop_statue
Snake:3:  layout_cave_shapes, serial_bayou_shore_b
Snake:4:  minmay_snake_end_coiled, layout_onion_interference
Orc:1:    layout_caves, basic_altar, mines2_david
Orc:2:    pf_orc_diabolical, layout_caves
Elf:1:    nicolae_elf_arrival_no_cutting_in_line, layout_geoelf_diagonals,
          serial_shops, shop, minmay_elf_sorcery, uniq_roxanne
Elf:2:    nicolae_elf_blades_splatter_lattice [grunt_blade_entry_basic],
          layout_loops_cross, st_stairs_3, nicolae_elf_variegated_diamond
Elf:3:    elf_hall, layout_loops_cross, serial_shops, shop,
          minmay_misc_feat_five, minmay_shop_grove
Vaults:1: hangedman_vaults_cutoff, v_alt_pattern_6, nicolae_vaults_puzzle_piece,
          hangedman_vaults_variations, vaults_room_large_hall, v_misc_22,
          nicolae_vaults_circle_grid_a, hangedman_vaults_corner,
          hangedman_vaults_slither, nicolae_vaults_theta, v_misc_19,
          layout_vaults_omnibox
Vaults:2: v_pattern_2, nicolae_vaults_know_your_exits,
          minmay_crypt_entry_necro_gods, hangedman_vaults_corner_blocks,
          hangedman_vaults_unwind, nicolae_vaults_triangles,
          ontoclasm_vaults_loading_screen, nicolae_vaults_what_the_h,
          vaults_dpeg_diagonal, nicolae_vaults_alarming, layout_vaults_big_room,
          uniq_aizul, uniq_frederick, uniq_mara, uniq_donald
Vaults:3: portal_desolation_entry_nicolae_slug, ontoclasm_vaults_ligature,
          v_misc_18, v_pattern_1, ontoclasm_vaults_loading_screen,
          vaults_standard_mumra_lines, nicolae_vaults_big_ls,
          nicolae_vaults_network_quincunx
          [nicolae_vaults_network_quincunx_subvault,
          nicolae_vaults_network_quincunx_subvault,
          nicolae_vaults_network_quincunx_subvault,
          nicolae_vaults_network_quincunx_subvault,
          nicolae_vaults_network_quincunx_subvault], v_misc_22, v_alt_pattern_6,
          nicolae_vaults_specimen_jars, layout_vaults_maze_bifur, enter_trove_1
Vaults:4: nicolae_vaults_network_star, vaults_mumra_hex,
          nicolae_vaults_mini_display_case, vaults_mumra_minichess_inversion,
          vaults_room_pool, nicolae_vaults_yaktaur_gun_rack,
          layout_vaults_quadrants, serial_shops, bzr_entry_dummy, uniq_mennas,
          uniq_jory
Vaults:5: serial_shops
Crypt:1:  cheibrodos_crypt_cold_storage, layout_misc_corridors,
          lemuel_freeze_loot_1
Crypt:2:  hangedman_screamer, layout_misc_corridors,
          serial_sigils_hangedman_gnaw

Skill      XL: |  1  2  3  4  5  6  7  8  9 10 11 12 13 14 15 16 17 18 19 20 21 22 |
---------------+-------------------------------------------------------------------+-----
Evocations     | 4 7 12 15 | 15.0
Slings         | 1 2 3 4 5 7 9 11 12 | 12.0
Fighting       | 7 9 12 16 19 20 | 20.0
Dodging        | 4 12 15 16 20 | 20.0
Shields        | 5 |  5.0
Armour         | 5 6 |  6.0
Bows           | 14 19 20 23 24 | 24.3
Invocations    | 10 | 10.0
Translocations | 6 10 | 10.0
Spellcasting   | 17 | 17.2
Stealth        | |  1.2

Action                   |  1- 3 |  4- 6 |  7- 9 | 10-12 | 13-15 | 16-18 | 19-21 | 22-24 || total
-------------------------+-------+-------+-------+-------+-------+-------+-------+-------++-------
Melee: Club              |    32 |       |       |       |       |       |       |       ||    32
       Dagger            |    23 |    18 |    34 |       |       |       |       |       ||    75
       Hunting sling     |       |       |       |       |     5 |       |       |       ||     5
       Longbow           |       |       |       |       |       |       |       |     1 ||     1
 Fire: Hunting sling     |    80 |   125 |   280 |   962 |  2514 |       |       |       ||  3961
       Longbow           |       |       |       |       |   137 |  1785 |  1894 |   199 ||  4015
Throw: Dart              |       |       |       |     1 |    13 |       |       |       ||    14
Evoke: Wand              |    11 |     1 |    30 |    41 |    17 |     2 |     5 |       ||   107
       Piece from Xom's  |       |       |       |     4 |     1 |       |       |       ||     5
       Condenser vane    |       |       |       |       |       |     2 |     1 |       ||     3
  Use: Scroll            |       |       |     9 |    19 |     8 |    10 |    13 |     2 ||    61
       Potion            |       |       |     2 |     1 |       |     2 |     4 |     1 ||    10
Armor: Leather armour    |    28 |       |       |       |       |       |       |       ||    28
       Chain mail        |       |    60 |   143 |   151 |       |       |       |       ||   354
       Troll leather arm |       |       |       |    18 |   216 |   175 |   180 |    45 ||   634
Dodge: Dodged            |    64 |    21 |    46 |   257 |   708 |   397 |   646 |    95 ||  2234
Block: Buckler           |       |    14 |    35 |    75 |   199 |       |       |       ||   323
